 Dungeon Crawl Stone Soup version 0.30.0-29-ga12c61a403 (webtiles) character file.

Game seed: 10731125760269708369

43 safid the Chiller (level 3, 0/27 HPs)
             Began as a Merfolk Ice Elementalist on June 22, 2023.
             Slain by a kobold
             ... wielding a +1 whip of electrocution
              (15 damage)
             ... on level 2 of the Dungeon.
             The game lasted 00:02:17 (702 turns).

safid the Chiller (Merfolk Ice Elementalist)         Turns: 702, Time: 00:02:17

Health: 0/27       AC:  2    Str:  8    XL:     3   Next: 58%
Magic:  1/6        EV: 12    Int: 16    God:
Gold:   19         SH:  0    Dex: 14    Spells: 6/7 levels left

rFire   . . .        c - +0 hand axe
rCold   . . .        (no shield)
rNeg    . . .        a - +0 robe
rPois   .            (no helmet)
rElec   .            (no cloak)
rCorr   .            (no gloves)
SInv    .            (no boots)
Will    .....        (no amulet)
Stlth   ++           (no ring)
HPRegen 0.24/turn    (no ring)
MPRegen 0.10/turn

%: no passive effects
@: no status effects
A: (nimble swimmer 2), mertail
a: no special abilities


You were on level 2 of the Dungeon.
You visited 1 branch of the dungeon, and saw 2 of its levels.

You collected 19 gold pieces.

Inventory:

Hand Weapons
 c - a +0 hand axe (weapon)
Armour
 a - a +0 robe (worn)
Scrolls
 d - a scroll of torment {unknown}
 h - 2 scrolls of identify {unknown}
Potions
 b - a potion of magic
 e - a potion of heal wounds {unknown}
 f - a potion of haste {unknown}
 g - 3 potions of brilliance {unknown}


   Skills:
 + Level 1.7 Fighting
 - Level 2.6 Dodging
 - Level 2.1 Stealth
 + Level 2.6 Spellcasting
 + Level 4.9 Ice Magic


You had 6 spell levels left.
You knew the following spells:

 Your Spells              Type           Power      Damage    Failure   Level
a - Freeze                Ice            68%        1d8       2%          1

Your spell library contained the following spells:

 Spells                   Type           Power      Damage    Failure   Level
 Frozen Ramparts          Ice            34%        1d6       8%          3
 Ozocubu's Armour         Ice            17%        N/A       8%          3
 Summon Ice Beast         Ice/Summ       9%         N/A       56%         4


Dungeon Overview and Level Annotations

Branches:
Dungeon (2/15)

Altars:

Shops:
D:1 *


Innate Abilities, Weirdness & Mutations

((You are very nimble when in or above water. (Stealth+, EV+, Speed+++)))
Your lower body shifts to a powerful aquatic tail in water.


Message History

Casting: Freeze (safe; 2% risk of failure)
Confirm with . or Enter, or press ? or * to list all spells.
Aiming: Freeze (safe; 2% risk of failure)
Press: ? - help, Shift-Dir - straight line, f/p - bat
Aim: a bat (severely wounded)
You freeze the bat!
You kill the bat!
A kobold comes into view.
It is wielding a +1 whip of electrocution.
The kobold throws a stone.
The stone hits you.
The kobold shouts!
The kobold throws a stone.
The stone hits you but does no damage.
Casting: Freeze (safe; 2% risk of failure)
Confirm with . or Enter, or press ? or * to list all spells.
Aiming: Freeze (safe; 2% risk of failure)
Press: ? - help, Shift-Dir - straight line, f - kobold
Aim: a kobold, wielding a +0 club and quivering stones You freeze the kobold.
The kobold is severely wounded.
The kobold hits you but does no damage.
Unknown command.
Casting: Freeze (safe; 2% risk of failure)
Confirm with . or Enter, or press ? or * to list all spells.
Aiming: Freeze (safe; 2% risk of failure)
Press: ? - help, Shift-Dir - straight line, f/p - kobold
Aim: a kobold, wielding a +0 club and quivering stones (severely wounded)
You freeze the kobold.
You kill the kobold!
The kobold misses you.
Unknown command.
You miss the kobold.
The kobold hits you with a +1 whip of electrocution.
You barely miss the kobold. The kobold hits you but does no damage.
You closely miss the kobold.
The kobold hits you with a +1 whip of electrocution.
The kobold barely misses you.
You closely miss the kobold.
The kobold hits you with a +1 whip of electrocution.
You are electrocuted!
Ouch! That really hurt!
You die...

.. #...#
.... ....
....##...
....<....
..#...##
##.....##
#....)K.#
#....@..#
#......<#
.###.....##
..$......$#
......†...#
#......>..#
#.##.....##
....#>...#
.#.......


You could see a kobold.

Vanquished Creatures
  An adder (D:2)
  3 ball pythons (D:1)
  6 bats
  2 endoplasms (D:1)
  2 giant cockroaches (D:1)
  A goblin (D:1)
  4 jackals (D:1)
  4 kobolds
  2 quokkas (D:1)
  A frilled lizard (D:1)
  2 rats (D:1)
28 creatures vanquished.

Notes
Turn   | Place    | Note
-------+----------+-------------------------------------------
     0 | D:1      | safid the Merfolk Ice Elementalist began the quest for the
                  | Orb.
     0 | D:1      | Reached XP level 1. HP: 13/13 MP: 3/3
    34 | D:1      | Found Diw Ron's General Store.
    61 | D:1      | Reached XP level 2. HP: 12/20 MP: 0/5
   130 | D:1      | Reached skill level 1 in Fighting
   458 | D:1      | Reached XP level 3. HP: 26/26 MP: 6/6
   702 | D:2      | Slain by a kobold

Illustrated notes

Levels and vault maps discovered:
D:1:      ncdulo_lavacross, layout_rooms, serial_shops, shop, serial_forest,
          infiniplex_forest_end_1, infiniplex_forest_clump_double,
          infiniplex_forest_straight_2, infiniplex_forest_clump_C,
          infiniplex_forest_straight_4, infiniplex_forest_3_way,
          serial_park_tiny_1
D:2:      layout_rooms, basic_altar

Skill      XL: |  1  2 |
---------------+-------+-----
Fighting       | 1 |  1.7
Dodging        | |  2.6
Stealth        | |  2.1
Spellcasting   | |  2.6
Ice Magic      | |  4.9

Action                     || total
---------------------------++-------
  Melee: Hand axe          ||    71
   Cast: Freeze            ||    18
   Stab: Sleeping          ||     3
 Armour: Robe              ||    22
  Dodge: Dodged            ||    77
